[Event "SixDays Budapest January-IMA 2023"]
[Site "Budapest"]
[Date "2023.01.26"]
[Round "6.1"]
[White "Ongut, Tamas Gunes"]
[Black "Orso, Miklos"]
[Result "1-0"]
[ECO "B31"]
[WhiteElo "2340"]
[BlackElo "2256"]
[Annotator "TA"]
[PlyCount "77"]
[EventDate "2023.01.23"]
[EventType "tourn"]
[EventCountry "HUN"]
[SourceTitle "playchess.com"]
[Source "ChessBase"]
[SourceQuality "1"]
[TimeControl "5400+30"]

1. e4 c5 2. Nf3 Nc6 3. Bb5 g6 4. O-O Bg7 5. Re1 e5 6. a3 {[%emt 0:00:15][%cal Ob2b4] B31: Sicilian: 2...Nc6 3 Bb5 g6.} Nge7 7. b4 d6 8. bxc5 {[%emt 0:02:46] White has an edge.} dxc5 9. Nc3 O-O 10. Bc4 Nd4 {[%emt 0:05:55] [#]} 11. h3 $146 {[%emt 0:05:38] Dodges Bg4} ({Predecessor:} 11. Nxd4 cxd4 12. Ne2 Be6 13. Bxe6 fxe6 14. d3 Rc8 15. Bd2 Nc6 16. Qb1 Rf7 17. Qb3 {0-1 Johannessen,S (2317)-Sawadkuhi,M (2258) EU-chT Seniors 06th 2004 (2.1)}) 11... Be6 12. Bxe6 Nxe6 13. d3 Qd7 14. Rb1 Rfd8 15. a4 Nd4 16. Nd2 Rac8 17. Nc4 Rc6 18. Bg5 f6 19. Bd2 g5 (19... Ra6 $14) 20. Ne3 b6 21. Ncd5 Nxd5 22. Nxd5 h6 23. a5 Rb8 24. axb6 axb6 25. c3 Ne6 26. Qa4 {[%emt 0:00:10] White is more active.} ({White should play} 26. c4) 26... Kh7 {[%emt 0:00:55] [#] A mistake that costs the game.} (26... Rd6 $16 27. Qa2 Qd8) 27. Rxb6 $1 Rbxb6 28. Nxb6 {[%emt 0:00:09][%mdl 64] Pin} Qb7 29. Nd5 c4 (29... Nc7 $142 30. Be3 Bf8) 30. dxc4 $18 Nc5 31. Qb5 Rc8 32. Ra1 Qf7 $2 (32... Qxb5 33. cxb5 Nxe4) 33. Qb6 {[%emt 0:01:49] Hoping for Be3.} Nxe4 $2 (33... Qb7 34. Nxf6+ Kh8 35. Qxb7 Nxb7) 34. Ra7 {[%emt 0:00:14] White is clearly winning.} Qf8 {[%emt 0:01:06] [#] Black is weak on the light squares} 35. Qe6 $1 Nxd2 (35... Rb8 36. Qf5+) 36. Qf5+ Kh8 37. Ne7 {[%emt 0:00:06] Ng6+ would kill now.} Qxe7 38. Rxe7 Rb8 39. g4 {[%emt 0:01:10] Weighted Error Value: White=0.22 (precise) /Black=0.41} 1-0

[Event "SixDays Budapest January-IMA 2023"]
[Site "Budapest"]
[Date "2023.01.26"]
[Round "6.2"]
[White "Ihnat, Marek"]
[Black "Baski, Barnabas"]
[Result "1-0"]
[ECO "C70"]
[WhiteElo "2138"]
[BlackElo "2188"]
[Annotator "TA"]
[PlyCount "81"]
[EventDate "2023.01.23"]
[EventType "tourn"]
[EventCountry "HUN"]
[SourceTitle "playchess.com"]
[Source "ChessBase"]
[SourceQuality "1"]
[TimeControl "5400+30"]

1. e4 e5 2. Nf3 Nc6 3. Bb5 a6 4. Ba4 Bc5 5. O-O Nge7 6. c3 Ng6 {[%emt 0:00:25] C64: Ruy Lopez: Classical Defence (3...Bc5) except 4 0-0 Nf6.} 7. d4 Ba7 8. Bg5 f6 {[%emt 0:00:15] White is slightly better.} 9. Be3 O-O 10. Re1 Kh8 11. Nbd2 $36 {[%emt 0:05:18][%cal Bb1d2,Bd2f1,Bf1g3][%mdl 2080] Black is under pressure.} d6 12. h3 Bd7 13. Nf1 Qe8 14. Bc2 Nf4 {[%emt 0:01:51] [#]} 15. Ng3 $146 ({Predecessor:} 15. Bxf4 exf4 16. N3h2 g5 17. Qd3 Qh5 18. Bd1 Qg6 19. Bg4 Bxg4 20. hxg4 Rae8 21. Nd2 {0-1 Lagno,K (2547)-Vaishali,R (2442) Speed Chess (Women) blitz 2022 (3.36)}) 15... g5 16. Qd2 h5 (16... Ne7 $14) 17. Rad1 (17. h4 $142) 17... h4 $16 18. Nf5 Bxf5 19. exf5 {[%emt 0:00:10] Black must now prevent Bxf4.} Qh5 20. Nh2 exd4 21. cxd4 (21. Bxf4 {with more complications.} gxf4 22. Re4 dxc3 23. Qxc3 Qh6 24. Bb3) 21... Nxd4 $2 {[%emt 0:02:28][%mdl 8192] Black cannot hold the game after this.} 22. Bxd4 $18 Bxd4 23. Qxd4 Ne2+ {[%emt 0:00:05] [#]} 24. Rxe2 $1 Qxe2 25. Bb3 {[%emt 0:01:04] Strongly threatening Nf3.} c5 26. Qg4 ({Not} 26. Qxd6 c4 $11) 26... Qxg4 27. Nxg4 Rad8 28. Bd5 b5 29. Re1 {[%emt 0:02:09] [#] And now Re7 would win.} Rd7 {[%emt 0:07:26] Prevents Re7} 30. Re6 Kg7 31. Kf1 c4 32. Ke2 Rff7 33. Ke3 {[%emt 0:00:34] White is clearly winning.} Rfe7 (33... Rd8 $142 34. f4 gxf4+ 35. Kxf4 a5) 34. Nxf6 Rxe6+ 35. fxe6 Re7 36. Ne4 Kg6 37. Nxd6 Kf6 38. Ke4 Ra7 39. Nf5 Rc7 40. e7 Rc8 41. Bb7 {[%emt 0:01:08] Weighted Error Value: White=0.12 (very precise) /Black=0.35} 1-0

[Event "SixDays Budapest January-IMA 2023"]
[Site "Budapest"]
[Date "2023.01.26"]
[Round "6.3"]
[White "Leszko, Bence"]
[Black "Magold, Filip"]
[Result "0-1"]
[ECO "B40"]
[WhiteElo "2298"]
[BlackElo "2230"]
[Annotator "TA"]
[PlyCount "124"]
[EventDate "2023.01.23"]
[EventType "tourn"]
[EventCountry "HUN"]
[SourceTitle "playchess.com"]
[Source "ChessBase"]
[SourceQuality "1"]
[TimeControl "5400+30"]

1. e4 c5 2. Nf3 e6 3. g3 Nc6 4. Bg2 Nf6 5. Qe2 e5 6. O-O {[%emt 0:00:24] B40: Sicilian: 2...e6, Unusual lines.} Be7 7. c3 O-O 8. d4 {[%emt 0:04:00] The position is equal.} cxd4 9. cxd4 d5 (9... Nxd4 10. Nxd4 exd4 11. e5 $14) ({Black should play} 9... exd4 $15 10. e5 Ne8) 10. exd5 $11 Nxd4 11. Nxd4 (11. Qxe5 $2 Nc2 12. b3 Re8 $17) 11... exd4 12. Qc4 (12. Qe5 $5 ) 12... Qb6 $1 {[%emt 0:06:34] [#]} 13. Bf4 $146 (13. Nd2 $5 ) ({Predecessor:} 13. Re1 Bb4 14. Bd2 Bxd2 15. Nxd2 Bf5 16. Nb3 d3 17. Nc5 d2 18. Red1 Qxb2 19. Qf4 {0-1 Lu,S (2570)-Bai,J (2518) CHN-chT China 2015 (2.6)}) 13... Bd7 14. Qb3 Bc5 15. Na3 Rfd8 16. Bg5 (16. Nc4 $14 Qa6 17. a4) 16... Rac8 17. Qxb6 Bxb6 18. Rfd1 h6 (18... Bg4 $5 ) 19. Bxf6 gxf6 20. b3 {[%emt 0:06:53] White is weak on the dark squares} Bg4 21. Rd2 Bf5 22. Nc4 {[%emt 0:00:10] Prevents Ba5. Nxb6 would be deadly.} Bc5 {[%emt 0:01:09][%cal Bb6c5,Bc5b4,Bb4c3][%mdl 32] [#] And now ...b5 would win.} 23. a4 Bb4 {[%emt 0:01:04] ...Rxc4 is the strong threat.} 24. Rxd4 Bc3 $1 {[%emt 0:00:08][%csl LRa1,LRd4] This pair of bishops is nice.} 25. Rf4 Bxa1 26. Rxf5 Rc5 27. Rf4 b5 28. Ne3 Be5 $36 {[%emt 0:02:51][%mdl 2048] Black has good play.} 29. Rg4+ Kf8 30. Rh4 bxa4 31. bxa4 Rb8 (31... f5 $5) 32. Bf1 Rb2 33. a5 (33. Rxh6 $11 {remains equal.} Bd4 34. Nf5 Bxf2+ 35. Kh1) 33... Rd2 {[%emt 0:02:46] Black is more active.} ({Much weaker is} 33... Rxa5 $6 34. Nc4 Ra4 35. Nxb2 Rxh4 36. gxh4 $11) (33... Bc3 $17 34. a6 Be1) 34. a6 $2 {[%emt 0:04:41] [#] White does not recover from this.} (34. Rxh6 $15 Kg8 35. Nf5) 34... Bd4 $1 $19 35. Rxh6 Bxe3 36. fxe3 {[%emt 0:00:06][%mdl 4096] Endgame KRR-KRB} Kg7 ({Worse is} 36... Rcxd5 37. Rxf6 Rc2 38. Rf4 $17) 37. Rh4 Rcxd5 ({Stronger than} 37... Rdxd5 38. Rg4+ Rg5 39. Rf4) 38. Rg4+ Kh6 39. Rb4 (39. Rf4 {was worth a try.}) 39... Ra5 40. Rf4 Kg6 41. Rf2 $2 (41. Rg4+ Kf5 42. Rf4+ Ke5 43. g4) 41... Raa2 42. Rxd2 Rxd2 {[%emt 0:00:02] KR-KB} 43. Bc4 $2 (43. e4 f5 44. Bg2) 43... Kf5 {[%emt 0:01:18] Hoping for ...Ke4.} 44. Bxf7 Ke4 45. Be8 Rd6 46. Bb5 Kf3 47. e4 Rd1+ 48. Bf1 Ra1 (48... Rb1 $142 49. g4 Ra1) 49. h4 Kxg3 {[%emt 0:00:18] Black mates.} 50. h5 Ra2 51. Bc4 Rc2 52. Bb5 Rc1+ 53. Bf1 Re1 54. h6 Rxe4 55. h7 Rh4 56. Bd3 Kg4 57. Kf2 f5 58. Bc4 Rxh7 59. Bd5 Rh2+ 60. Kf1 Kg3 61. Bb7 f4 62. Kg1 Ra2 {[%emt 0:00:16] Weighted Error Value: White=0.61/Black=0.19 (very precise)} 0-1

[Event "SixDays Budapest January-IMA 2023"]
[Site "Budapest"]
[Date "2023.01.26"]
[Round "6.4"]
[White "Polyik, Peter"]
[Black "Heimisson, Hilmir Freyr"]
[Result "1/2-1/2"]
[ECO "C02"]
[WhiteElo "2323"]
[BlackElo "2321"]
[Annotator "TA"]
[PlyCount "54"]
[EventDate "2023.01.23"]
[EventType "tourn"]
[EventCountry "HUN"]
[SourceTitle "playchess.com"]
[Source "ChessBase"]
[SourceQuality "1"]
[TimeControl "5400+30"]

1. e4 e6 2. d4 d5 3. e5 c5 4. c3 Nc6 5. Nf3 Qb6 6. Bd3 cxd4 7. O-O $1 {[%emt 0:00:10][%mdl 4] now scores much better than the old 7.cxd4. C02: French: Advance Variation.} Bd7 8. Re1 Nge7 9. h4 Rc8 10. h5 h6 11. Na3 {[%emt 0:12:55] [#]} Nf5 $146 (11... dxc3 $17 {White must now prevent ...Nb4.} 12. bxc3 a6) ({Predecessor:} 11... a6 12. Nc2 dxc3 13. bxc3 Na5 14. Be3 Qc7 15. Rb1 Nc4 16. Bxc4 Qxc4 17. Rxb7 Nf5 {1-0 Puranik,A (2580)-Haria,R (2440) Riga Tech op-A 2021 (3)}) 12. g4 {[%emt 0:10:28] The position is equal.} Nfe7 (12... dxc3 $5 13. bxc3 Qa5 $15) 13. Nb5 {[%emt 0:01:21] [#] Nd6+ would be deadly.} Nxe5 $1 14. Nxe5 Bxb5 15. Qf3 $1 (15. Bxb5+ Qxb5 16. cxd4 Nc6 $17) 15... f6 (15... dxc3 $2 16. Bxb5+ (16. Nxf7 Bxd3 17. Nxh8 cxb2 $11) 16... Qxb5 17. Qxf7+ Kd8 18. Qxe6 $18) 16. Bg6+ Nxg6 17. Nxg6 Rg8 {[%emt 0:00:47] Hoping for ...dxc3.} 18. Bxh6 $1 {[%emt 0:10:45][%mdl 64] [#] Deflection} gxh6 19. Qxf6 Bd7 {[%emt 0:00:37] And now ...dxc3 would win.} 20. Re5 $1 {[%emt 0:03:54] Threatens to win with Rae1.} dxc3 21. Rae1 {[%emt 0:02:22][%cal Re5e6] Rxe6+ is the strong threat. Some like it hot} c2 (21... Qxb2 {is a self mate.} 22. Rxe6+ (22. Rxd5 Rc6 $14) 22... Bxe6 23. Rxe6+ (23. Qxe6+ Kd8 $11) 23... Kd7 24. Qf7+ Kd8 25. Re8#) 22. Nxf8 $1 Rxf8 (22... c1=R $2 23. Nxe6 Rxe1+ 24. Rxe1 Rxg4+ 25. Kh1 $18) 23. Rxe6+ Qxe6 24. Rxe6+ Bxe6 25. Qxe6+ $11 {[%emt 0:00:04] KQ-KRR} Kd8 26. Qd6+ Ke8 27. Qe6+ Kd8 {[%emt 0:00:04] An exciting game.   Weighted Error Value: White=0.04 (flawless) /Black=0.08 (flawless)} 1/2-1/2

[Event "SixDays Budapest January-IMA 2023"]
[Site "Budapest"]
[Date "2023.01.26"]
[Round "6.5"]
[White "Taragan, Uri"]
[Black "Szeberenyi, Adam"]
[Result "0-1"]
[ECO "D35"]
[WhiteElo "1733"]
[BlackElo "2331"]
[Annotator "TA"]
[PlyCount "72"]
[EventDate "2023.01.23"]
[EventType "tourn"]
[EventCountry "HUN"]
[SourceTitle "playchess.com"]
[Source "ChessBase"]
[SourceQuality "1"]
[TimeControl "5400+30"]

1. d4 Nf6 2. c4 e6 3. Nc3 d5 4. cxd5 exd5 5. Bg5 Be7 6. e3 h6 7. Bh4 Bg4 {[%emt 0:00:18] D35: Queen's Gambit Declined: Exchange Variation.} 8. Qc2 O-O 9. Bd3 c5 {[%emt 0:00:11] [#] The position is equal.} 10. f3 $146 ({Predecessor:} 10. dxc5 Nbd7 11. Nge2 Nxc5 12. O-O Nxd3 13. Qxd3 Bxe2 14. Nxe2 Qb6 15. Nd4 g6 16. Rfd1 {½-½ Ivanov,A (2105)-Traub,I (2093) San Francisco Grey Memorial 2017 (7)}) 10... Be6 11. Nge2 Nc6 12. a3 Qd7 ({Black should try} 12... cxd4 $11 13. Nxd4 Qb6) 13. dxc5 $1 $14 Rac8 14. Rd1 {[%emt 0:10:08] Strongly threatening b4.} Rfe8 (14... g5 $14 {was preferrable.}) 15. b4 Ng4 {[%emt 0:12:19][%mdl 64] Discovered Attack} 16. Bf2 Nxf2 17. Kxf2 a5 {[%emt 0:00:11] [#]} (17... Bf6 $16) 18. Qb1 (18. Nxd5 $1 $18 {[%cal Od5f6] Nf6+! would be deadly.} axb4 19. Nf6+ (19. Nxb4 Qc7 $16) 19... Bxf6 20. Bh7+ {[%mdl 64] Discovered Attack} Kh8 21. Rxd7 Bxd7 22. axb4) 18... Qc7 19. Nf4 {[%emt 0:03:17] Excellent horsemanship.} (19. g3 $16) 19... d4 {[%emt 0:03:41] Threatens to win with ...dxe3+.} 20. Nxe6 dxe3+ 21. Ke2 Qe5 {[%emt 0:03:06] Chess con chili.} 22. Nd5 {[%emt 0:05:53] Bh7+ is the strong threat.} fxe6 23. Nxe7+ (23. Nxe3 $11 Ra8 24. Be4) 23... Rxe7 (23... Nxe7 $17 24. Qa1 Qg5) 24. Qa1 {[%emt 0:00:33] [#]} (24. Be4 $11) 24... Qg5 $1 $17 {[%emt 0:00:44] Black is more active.} ({Much less strong is} 24... axb4 25. Qxe5 Nxe5 26. axb4 $16 (26. Kxe3 bxa3 27. Ra1 Nxd3 $17)) 25. Be4 (25. g3 $17 {might work better.}) 25... axb4 $19 ({Not} 25... Qxg2+ 26. Kxe3 Qg5+ 27. Kf2 $17) 26. Bxc6 $2 (26. g3 {is a better chance.}) 26... bxc6 27. axb4 Qxg2+ 28. Kxe3 Rf8 29. Rhf1 Ref7 30. f4 Qh3+ (30... Qxh2 $2 {is the wrong capture.} 31. Rf2 Qh5 32. Rdd2 $19) 31. Rf3 Qxh2 32. Rd2 $2 (32. Rh1 Qc2 33. Rc1) 32... Qh5 {[%emt 0:00:56][%cal Oe6e5] White must now prevent ...e5!} 33. Rg2 {[%emt 0:00:38] [#]} e5 $1 34. Qc3 (34. Qe1 Ra8) 34... Rxf4 {[%emt 0:00:53] Black mates.} 35. Rfg3 Rf3+ 36. Kd2 Rd8+ {[%emt 0:00:24] An entertaining game by Szeberenyi.   Weighted Error Value: White=1.05/Black=0.18 (very precise)} 0-1